Map: Dusk Towers

Players

Miszu

  • Race: Zerg Zerg
  • League: Master

VapeNayshe - Winner!

  • Race: Terran Terran
  • League: Diamond

VOD

Have the link to the VOD?

Description

Time

  • Played on: June 29, 2016, 1:35 p.m.
  • Length: 19:10
Show
View Real Time Build Order
Export as new Build Order

Miszu Zerg 

Build Orders: Hatch First 

Get SALT Encoding   

  12  0:00  Drone  
  13  0:12  Overlord  
  13  0:17  Drone  
  14  0:30  Drone x2  
  16  0:36  Drone  
  17  0:45  Drone  
  18  0:56  Hatchery  
  17  0:58  Drone  
  17  1:00  Extractor  
  17  1:14  Spawning Pool  
  17  1:17  Drone  
  17  1:21  Drone  
  18  1:28  Drone  
  19  1:44  Drone  
  20  1:50  Overlord  
  20  2:00  Queen  
  22  2:06  Metabolic Boost  
  22  2:07  Queen  
  24  2:09  Zergling x4  
  24  2:12  Zergling x2  
  27  2:19  Drone  
  28  2:23  Drone  
  29  2:30  Drone  
  29  2:35  Drone  
  31  2:42  Drone  
  31  2:48  Drone  
  31  2:50  Pneumatized Carapace, Queen  
  34  2:54  Drone  
  35  3:00  Overlord  
  35  3:14  Extractor  
  34  3:23  Drone x9  
  43  3:29  Hatchery  
  43  3:32  Overlord  
  43  3:48  Overlord  
  43  3:49  Extractor, Lair  
  43  3:50  Extractor  
  41  3:56  Drone x4  
  41  3:57  Drone x3  
  48  4:06  Roach Warren  
  48  4:07  Drone x2  
  49  4:11  Drone x3  
  49  4:13  Drone  
  53  4:27  Evolution Chamber x2  
  51  4:35  Drone x3  
  51  4:36  Drone  
  51  4:37  Overlord, Extractor  
  54  4:51  Queen  
  56  4:53  Zerg Missile Weapons Level 1  
  56  4:54  Zerg Ground Armor Level 1  
  56  4:55  Glial Reconstitution  
  56  4:56  Roach  
  56  4:57  Roach x2  
  56  4:59  Roach  
  64  5:02  Roach  
  64  5:04  Zergling x8  
  70  5:10  Zergling x8  
  74  5:21  Overlord  
  74  5:28  Queen  
  63  5:42  Roach  
  58  5:43  Roach x9  
  69  5:59  Drone  
  69  6:00  Drone x6  
  75  6:13  Infestation Pit  
  75  6:15  Drone x4  
  78  6:22  Drone x4  
  82  6:26  Overlord x2  
  82  6:32  Overlord  
  82  6:45  Drone x3  
  82  6:46  Extractor x2, Drone x4  
  87  6:51  Hive  
  87  6:52  Zerg Missile Weapons Level 2  
  87  6:54  Zerg Ground Armor Level 2  
  87  6:56  Drone x2  
  87  6:57  Drone  
  90  7:01  Ravager x2  
  90  7:02  Ravager x2  
  90  7:05  Overlord x2  
  94  7:10  Roach  
  94  7:11  Roach  
  94  7:12  Roach  
  100  7:27  Roach x4  
  108  7:37  Extractor  
  108  7:41  Roach  
  108  7:42  Roach x6  
  121  7:48  Hatchery  
  121  7:49  Overlord x2  
  121  7:50  Overlord x3  
  121  7:58  Pathogen Glands  
  121  8:09  Ravager x2  
  123  8:16  Infestor x2  
  123  8:17  Ultralisk Cavern  
  126  8:24  Roach x7  
  134  8:38  Extractor  
  127  8:42  Extractor  
  127  8:54  Zergling x4  
  127  8:55  Zergling x14  
  135  9:05  Ultralisk x2  
  135  9:06  Chitinous Plating, Drone  
  135  9:09  Roach x6  
  160  9:12  Zergling x2  
  160  9:30  Overlord  
  160  9:31  Overlord x4  
  160  9:54  Ultralisk x3  
  160  9:58  Drone x4  
  160  9:59  Drone  
  129  10:27  Ultralisk x3  
  145  10:28  Zergling x12  
  145  10:29  Zergling x6  
  145  10:30  Queen  
  156  10:36  Infestor  
  158  10:46  Infestor  
  158  10:48  Infestor  
  162  10:51  Zergling x10  
  167  11:03  Ultralisk  
  173  11:06  Ravager  
  173  11:08  Zergling x14  
  174  11:33  Zerg Ground Armor Level 3  
  174  11:39  Extractor  
  173  11:40  Hatchery  
  173  11:45  Drone x3  
  173  11:46  Drone x3  
  178  11:48  Drone x5  
  178  11:49  Drone x2  
  178  11:53  Hatchery  
  184  12:03  Spire  
  183  12:10  Infestor x2  
  183  12:11  Infestor  
  189  12:16  Ravager x2  
  189  12:19  Extractor  
  189  12:22  Overseer  
  190  12:23  Extractor  
  189  12:33  Queen  
  191  12:55  Ravager x6  
  197  13:09  Queen  
  197  13:11  Spine Crawler  
  197  13:12  Spine Crawler  
  197  13:13  Spine Crawler  
  197  13:15  Zerg Melee Weapons Level 1  
  197  13:18  Corruptor, Greater Spire  
  148  14:03  Corruptor x7  
  148  14:08  Hatchery  
  148  14:09  Hatchery  
  134  14:38  Corruptor  
  136  14:48  Hatchery  
  136  14:50  Brood Lord  
  136  14:51  Brood Lord x2  
  141  15:03  Brood Lord  
  143  15:12  Corruptor  
  143  15:13  Corruptor  
  147  15:22  Infestor  
  147  15:26  Drone  
  147  15:27  Drone x2  
  152  15:28  Drone  
  152  15:31  Drone  
  154  15:38  Drone x3  
  157  15:43  Infestor  
  159  15:53  Infestor x2  
  163  15:58  Brood Lord  
  163  16:01  Brood Lord  
  167  16:10  Brood Lord  
  171  16:11  Brood Lord  
  171  16:24  Corruptor x2  
  171  16:25  Extractor  
  99  16:55  Ultralisk  
  99  16:56  Ultralisk x2  
  117  17:03  Drone x6  
  127  17:15  Drone x6  
  129  17:26  Drone x4  
  133  17:30  Extractor  
  133  17:31  Infestor  
  133  17:35  Infestor  
  136  17:44  Queen  
  136  17:48  Infestor  
  136  17:49  Infestor  
  142  18:00  Infestor  
  144  18:14  Roach  
  144  18:15  Roach x2  
  144  18:16  Roach  
  144  18:18  Hatchery  
  144  18:19  Roach  
Show
View Real Time Build Order
Export as new Build Order

VapeNayshe Terran - Winner!

Build Orders: Reaper Expand, MMM Bio 

Get SALT Encoding   

  12  0:00  SCV  
  13  0:12  SCV  
  14  0:17  Supply Depot  
  14  0:25  SCV  
  15  0:39  SCV  
  15  0:41  Barracks  
  16  0:43  Refinery  
  16  0:51  SCV  
  17  1:03  SCV  
  18  1:15  SCV  
  19  1:28  Reaper  
  19  1:29  Orbital Command  
  20  1:40  Command Center  
  20  1:49  Supply Depot  
  20  1:55  SCV  
  20  2:00  Barracks Reactor  
  21  2:07  Barracks, SCV  
  22  2:19  SCV  
  22  2:21  Factory  
  23  2:25  Refinery  
  23  2:31  SCV  
  24  2:38  Marine x2  
  24  2:43  SCV  
  27  2:52  Orbital Command  
  27  2:54  Barracks Tech Lab  
  27  2:56  Marine x2, SCV  
  30  3:08  SCV  
  31  3:13  Stimpack  
  31  3:14  Marine x3  
  31  3:18  SCV  
  35  3:20  SCV  
  35  3:24  Supply Depot  
  36  3:29  Starport, Factory Reactor  
  36  3:31  SCV  
  36  3:33  SCV  
  38  3:37  Marine x2  
  38  3:38  Marine  
  41  3:43  SCV  
  41  3:46  SCV  
  43  3:48  Supply Depot  
  43  3:55  Marine  
  43  3:56  Marine x2, SCV  
  43  4:00  SCV  
  48  4:05  Supply Depot  
  49  4:13  Marine x2, Factory Tech Lab  
  49  4:14  Marine, Medivac x2  
  56  4:17  SCV x2  
  56  4:22  Supply Depot  
  57  4:29  SCV x2  
  59  4:31  Marine x2  
  59  4:32  Marine  
  59  4:33  Siege Tank  
  65  4:41  SCV x2  
  67  4:46  Supply Depot  
  67  4:52  Marine x3  
  68  4:53  SCV x2  
  72  5:02  Command Center  
  72  5:07  Engineering Bay x2  
  72  5:09  SCV x2  
  72  5:11  Marine x2  
  72  5:12  Marine  
  77  5:18  Refinery x2  
  77  5:22  Combat Shields  
  69  5:35  SCV x2  
  66  5:46  Marine x3  
  66  5:47  Siege Tank, SCV  
  66  5:48  SCV  
  74  5:59  Terran Infantry Weapons Level 1, Terran Infantry Armor Level 1  
  73  6:05  Barracks  
  73  6:06  SCV x2  
  73  6:07  Barracks  
  73  6:08  Barracks  
  73  6:10  Marine x3  
  78  6:14  Medivac x2  
  78  6:15  Orbital Command  
  78  6:18  SCV x2  
  84  6:24  Siege Tank  
  87  6:30  SCV x2  
  89  6:33  Supply Depot  
  89  6:34  Supply Depot  
  89  6:35  Marine x2  
  89  6:36  Marauder  
  93  6:42  SCV x3  
  96  6:54  SCV x2  
  96  6:55  SCV  
  96  6:57  Barracks Reactor, Barracks Tech Lab x2  
  96  6:58  Supply Depot  
  99  7:01  Siege Tank  
  99  7:02  Marine x2, Marauder  
  99  7:07  SCV  
  99  7:08  SCV x2  
  109  7:12  Refinery  
  109  7:13  Supply Depot, Refinery  
  109  7:16  Supply Depot, Concussive Shells  
  109  7:17  Supply Depot  
  109  7:18  Marauder x2  
  109  7:20  Marine x2  
  109  7:22  Medivac x2  
  119  7:24  Marauder  
  121  7:31  SCV x3  
  121  7:35  Armory  
  124  7:37  Supply Depot  
  124  7:38  Supply Depot  
  124  7:41  Marine x3, Marauder x2  
  124  7:42  Marine  
  132  7:45  Marauder  
  133  7:53  Command Center  
  133  7:57  Siege Tank  
  136  8:01  Supply Depot  
  136  8:03  Supply Depot, Marine x4  
  140  8:08  Marauder  
  140  8:09  Marauder  
  140  8:10  Marauder  
  146  8:14  Medivac x2  
  150  8:28  Marine x2  
  150  8:29  Marine x2, Marauder  
  150  8:30  Marauder  
  150  8:31  Marauder  
  160  8:37  Terran Infantry Armor Level 2, Terran Infantry Weapons Level 2  
  153  8:46  Marine x3  
  153  8:47  Marine  
  157  8:51  Marauder x2  
  157  8:53  Barracks x2, Marauder  
  163  9:06  Medivac x2  
  163  9:07  Marine x4  
  171  9:12  Marauder  
  171  9:13  Marauder  
  171  9:14  Marauder  
  176  9:26  Siege Tank  
  176  9:30  Factory  
  179  9:31  Factory  
  179  9:34  Command Center  
  179  9:37  Supply Depot  
  179  9:42  Starport  
  179  9:43  Fusion Core  
  172  9:53  Medivac x2  
  172  9:55  Marine x3, Marauder x3  
  172  9:56  Marine  
  172  9:58  Barracks Tech Lab  
  172  9:59  Barracks Tech Lab  
  185  10:03  Planetary Fortress  
  185  10:05  Ghost Academy  
  154  10:26  Medivac x2  
  154  10:27  Marauder x5  
  154  10:28  Marine x4  
  167  10:29  Factory Tech Lab x2  
  170  10:40  Liberator  
  176  10:51  Thor x2  
  179  11:04  Command Center  
  170  11:26  Marine x3, Marauder x5  
  170  11:27  Marine, Terran Infantry Armor Level 3  
  170  11:28  Hellion  
  170  11:32  Terran Infantry Weapons Level 3  
  181  11:34  Liberator x2  
  181  11:44  Marine x4  
  185  11:52  Starport Tech Lab  
  191  11:55  Refinery  
  191  11:58  Refinery  
  191  12:04  Marauder x2  
  191  12:05  Marine, Marauder x2  
  200  12:19  Orbital Command  
  200  12:22  Command Center  
  200  12:30  Planetary Fortress  
  200  12:39  Command Center  
  200  12:42  Command Center  
  200  13:14  Advanced Ballistics  
  200  13:17  Terran Ship Weapons Level 1  
  178  14:12  Liberator  
  178  14:13  Liberator x2  
  134  14:25  Marine x4, Marauder x5  
  147  14:35  Thor x2  
  147  14:36  Thor  
  150  14:38  Refinery x2  
  150  14:44  Planetary Fortress x2  
  144  14:51  Ghost x2  
  144  14:52  Marine, Ghost x3  
  154  14:53  Marine x3  
  154  14:55  Liberator x2  
  154  14:56  Liberator  
  158  15:03  Orbital Command  
  167  15:25  Ghost  
  167  15:26  Ghost x4  
  177  15:28  Thor  
  177  15:29  Thor x2  
  195  15:38  Liberator  
  195  15:41  Terran Ship Weapons Level 2  
  195  15:51  Command Center  
  198  16:13  Ghost  
  200  16:24  Neosteel Frame  
  200  16:25  Hi-Sec Auto Tracking  
  167  16:42  Viking x3  
  145  16:53  Thor x3  
  159  17:07  Ghost x5, Orbital Command  
  163  17:08  Marine  
  163  17:09  Marine  
  165  17:22  Building Armor  
  161  17:24  Liberator  
  161  17:31  Orbital Command  
  161  17:34  Orbital Command  
  161  17:36  Orbital Command  
  161  17:39  Ghost x5  
  161  17:42  Orbital Command  
  174  18:12  Viking  
  174  18:13  Viking x2  
Tags
 
Add a new tag
Caveats
  • Supply blocks, unpowered buildings, or Contaminate may cause inaccurate times.
  • Supply counts are checked every 10 seconds.